 Dungeon Crawl Stone Soup version 0.31.0-9-g3a7656b989 (webtiles) character file.

Game seed: 11288026840921827809

26 RKaid the Trooper (level 3, -4/30 HPs)
             Began as a Djinni Cinder Acolyte on Feb 2, 2024.
             Was a High Priest of Ignis.
             Slain by Terence
             ... wielding a +2 falchion of holy wrath
              (7 damage)
             ... on level 2 of the Dungeon.
             The game lasted 00:04:11 (810 turns).

RKaid the Trooper (Djinni Cinder Acolyte)            Turns: 810, Time: 00:04:11

Health: -4/30      AC:  2    Str: 13    XL:     3   Next: 22%
Gold:   30         EV: 11    Int: 17    God:    Ignis [*****.] SH:  0 Dex:  8

rFire   + + +        a - -1 falchion (flame)
rCold   x . .        (no shield)
rNeg    . . .        b - +0 robe
rPois   ∞            (no helmet)
rElec   .            (no cloak)
rCorr   .            (no gloves)
SInv    .            (boots unavailable)
Will    .....        (no amulet)
Stlth   +            (no ring)
HPRegen 0.25/turn    (no ring)
MPRegen 0.00/turn

%: infuse magic (-5 HP)
@: flying
A: sickness immunity, fire resistance 2, cold vulnerability 1, float, innate
caster, HP casting, extra vitality 1
a: Renounce Religion, Fiery Armour, Foxfire Swarm, Rising Flame


You were on level 2 of the Dungeon.
You worshipped Ignis.
Ignis was extremely pleased with you.
You visited 1 branch of the dungeon, and saw 2 of its levels.

You collected 30 gold pieces.

Inventory:

Hand Weapons
 a - a -1 falchion of flaming (weapon)
Armour
 b - a +0 robe (worn)
Scrolls
 c - a scroll of identify {unknown}
 d - a scroll of enchant armour {unknown}
 e - a scroll of vulnerability {unknown}
 g - 2 scrolls of teleportation {unknown}
 i - a scroll of noise {unknown}
Potions
 f - 2 potions of heal wounds {unknown}
 h - a potion of magic {unknown}


   Skills:
 + Level 3.3 Fighting
 + Level 3.0 Long Blades
 + Level 1.2 Dodging
 + Level 2.6 Spellcasting
 + Level 2.6 Conjurations
 + Level 2.6 Hexes
   Level 0.0 Charms
 + Level 2.6 Summonings
 + Level 2.6 Necromancy
 + Level 2.6 Translocations
   Level 0.0 Transmutations
 + Level 2.6 Fire Magic
 + Level 2.6 Ice Magic
 + Level 2.6 Air Magic
 + Level 2.6 Earth Magic
 + Level 2.6 Alchemy


You knew the following spells:

 Your Spells              Type           Power      Damage    Failure   Level
a - Scorch                Fire           22%        2d5       9%          2
b - Freeze                Ice            44%        1d6       6%          1
Your spell library was empty.

Dungeon Overview and Level Annotations

Branches:
Dungeon (2/15)

Altars:

Annotations:
D:2 Terence


Innate Abilities, Weirdness & Mutations

You are immune to sickness and miasma.
You are immune to poison.
Your flesh is very heat resistant. (rF++)
You are vulnerable to cold. (rC-)
You float through the air rather than walking.
You learn spells naturally, not from books.
Your magical power is your life essence.
You have superior vitality. (+4 MHP)


Message History

The kobold's fire resistance burns away.
You hit the kobold but do no damage.
The kobold hits you with a +0 short sword. x2
You hit the kobold. You burn the kobold.
You kill the kobold!
The kobold throws a stone.
The stone hits you but does no damage.
Casting: Scorch (safe; 11% risk of failure)
Confirm with . or Enter, or press ? or * to list all spells.
Flames lash the kobold.
You kill the kobold!
Things that are here:
a +0 short sword; a kobold corpse You start resting.
Things that are here:
a +0 dagger; 2 stones A bat comes into view.
Casting: Scorch (safe; 11% risk of failure)
Confirm with . or Enter, or press ? or * to list all spells.
Flames lash the bat.
You kill the bat!
You see here a bat corpse.
g - a scroll labelled UTTISK YTADENK
h - a brown potion You now have 21 gold pieces (gained 11).
There is a stone staircase leading down here.
Casting: Scorch (safe; 11% risk of failure)
Confirm with . or Enter, or press ? or * to list all spells.
Flames lash the goblin.
You kill the goblin!
Unknown command.
You start resting.
You see here a +0 club.
You now have 30 gold pieces (gained 9).
i - a scroll labelled RUCAVV JENY A hobgoblin comes into view.
The hobgoblin shouts!
Casting: Scorch (safe; 11% risk of failure)
Confirm with . or Enter, or press ? or * to list all spells.
Flames lash the hobgoblin.
You kill the hobgoblin!
You see here a hobgoblin corpse.
Done exploring.
There is a stone staircase leading down here.
You fly downwards.
There is a stone staircase leading up here.
f - 2 yellow potions (gained 1)
There is a stone staircase leading up here.
g - 2 scrolls labelled UTTISK YTADENK (gained 1)
An adder comes into view.
The adder hisses angrily.
Casting: Scorch (safe; 11% risk of failure)
Confirm with . or Enter, or press ? or * to list all spells.
Flames lash the adder.
The adder's fire resistance burns away.
The adder attacks as it pursues you! The adder bites you.
The adder bites you but does no damage.
The adder is no longer more vulnerable to fire.
The adder barely misses you.
Casting: Scorch (safe; 11% risk of failure)
Confirm with . or Enter, or press ? or * to list all spells.
Flames lash the adder.
You kill the adder!
Your Long Blades skill increases to level 3!
Your Dodging skill increases to level 1!
You have reached level 3!
Your experience leads to an increase in your attributes!
Increase (s)trength, (i)ntelligence, or (d)exterity?
You feel clever. x2
The power to cast Freeze wells up from within.
Spell assigned to 'b'.
You start resting.
Terence the Incautious comes into view.
He is wielding a +2 falchion of holy wrath.
Terence shouts!
Casting: Scorch (safe; 9% risk of failure)
Confirm with . or Enter, or press ? or * to list all spells.
You can't see any susceptible monsters within range! (Use Z to cast anyway.)
Casting: Scorch (safe; 9% risk of failure)
Confirm with . or Enter, or press ? or * to list all spells.
Flames lash Terence.
Terence's fire resistance burns away.
You barely miss Terence.
Terence is no longer more vulnerable to fire.
Terence closely misses you.
You barely miss Terence.
Terence hits you with a +2 falchion of holy wrath!
Casting: Scorch (safe; 9% risk of failure)
Confirm with . or Enter, or press ? or * to list all spells.
Flames lash Terence.
Terence's fire resistance burns away.
Terence hits you with a +2 falchion of holy wrath.
Terence attacks as he pursues you!
Terence hits you with a +2 falchion of holy wrath!
* * * LOW HITPOINT WARNING * * *
Casting: Scorch (safe; 9% risk of failure)
Confirm with . or Enter, or press ? or * to list all spells.
Flames lash Terence but do no damage.
* * * LOW HITPOINT WARNING * * *
You hear a shout!
Terence is no longer more vulnerable to fire.
A goblin comes into view. It is wielding a +0 club.
Terence hits you with a +2 falchion of holy wrath!
You die...
Terence says, "Time to find some more victims."

#[.. #..# ..# ..# .# ###
#.# .# ##.## #.# ##
##...####.#######.
##.....#..@@......g
######..........#...##.#
..............###...##.
######........##.......
##.....#.##....##..
##...##.##....##..
##.###..<........ ###
####.###### #.#


You could see Terence and a goblin.

Vanquished Creatures
  An adder (D:2)
  A bat (D:1)
  An endoplasm (D:1)
  2 goblins (D:1)
  2 hobgoblins (D:1)
  4 kobolds (D:1)
  2 quokkas (D:1)
  A ball python (D:1)
  A frilled lizard (D:1)
  2 rats (D:1)
17 creatures vanquished.

Notes
Turn   | Place    | Note
-------+----------+-------------------------------------------
     0 | D:1      | RKaid the Djinni Cinder Acolyte began the quest for the
                  | Orb.
     0 | D:1      | RKaid set off with the following spells memorised: Scorch.
     0 | D:1      | Reached XP level 1. HP: 20/20 MP: 0/0
   164 | D:1      | Reached XP level 2. HP: 18/25 MP: 0/0
   746 | D:2      | Reached skill level 3 in Long Blades
   746 | D:2      | Reached skill level 1 in Dodging
   746 | D:2      | Reached XP level 3. HP: 25/30 MP: 0/0
   746 | D:2      | Learned a level 1 spell: Freeze
   773 | D:2      | Noticed Terence
   809 | D:2      | HP: 5/30 [Terence/+2 falchion of holy wrath (10)]
   810 | D:2      | Slain by Terence

Illustrated notes

Levels and vault maps discovered:
D:1:      zelgadis_glass_arrival_small, layout_rooms
D:2:      layout_loops_cross, shapermc_ecumenical_altar_acropolis,
          kennysheep_flooded_box, solitary_fountain, uniq_terence, uniq_sigmund

Skill      XL: |  1  2 |
---------------+-------+-----
Long Blades    | 3 |  3.0
Dodging        | 1 |  1.2
Fighting       | |  3.3
Spellcasting   | |  2.6
Conjurations   | |  2.6
Hexes          | |  2.6
Summonings     | |  2.6
Necromancy     | |  2.6
Translocations | |  2.6
Fire Magic     | |  2.6
Ice Magic      | |  2.6
Air Magic      | |  2.6
Earth Magic    | |  2.6
Alchemy        | |  2.6

Action                     || total
---------------------------++-------
  Melee: Falchion          ||    35
   Cast: Scorch            ||    12
   Stab: Sleeping          ||     1
 Armour: Robe              ||    27
  Dodge: Dodged            ||    17

Table legend: (Time is in decaauts)
 A = Elapsed time spent in this place.
 B = Non-inter-level travel time spent in this place.
 C = Inter-level travel time spent in this place.
 D = Time resting spent in this place.
 E = Time spent auto-exploring this place.
 F = Levels seen in this place.
 G = Mean time per level.
                   A        B        C        D        E       F      G
               +--------+--------+--------+--------+--------+-----+--------+
         Total |    814 |    814 |      0 |    149 |    386 |   2 |  407.0 |
       Dungeon |    814 |    814 |      0 |    149 |    386 |   2 |  407.0 |
               +--------+--------+--------+--------+--------+-----+--------+

Top non-repeatable levels by time:
     D:1: 696 daAuts
     D:2: 118 daAuts

Table legend:
 A = Kills in this place as a percentage of kills in the entire game.
 B = Kills by you in this place as a percentage of kills by you in the entire game.
 C = Kills by friends in this place as a percentage of kills by friends in the entire game.
 D = Other kills in this place as a percentage of other kills in the entire game.
 E = Experience gained in this place as a percentage of experience gained in the entire game.
 F = Experience gained in this place divided by the number of levels of this place that you have seen.
                   A       B       C       D       E      F
               +-------+-------+-------+-------+-------+----------------------
         Total | 100.0 | 100.0 |   N/A |   N/A | 100.0 |  19.0
       Dungeon | 100.0 | 100.0 |   N/A |   N/A | 100.0 |  19.0
               +-------+-------+-------+-------+-------+----------------------
